 Dungeon Crawl Stone Soup version 0.22.1-1-ga44c0e5 (webtiles) character file.

154 tifemel the Shooter (level 5, -3/45 HPs)
             Began as a Centaur Hunter on Sept 28, 2018.
             Slain by Grinder (5 damage)
             ... while paralysed by Grinder
             ... on level 3 of the Dungeon.
             The game lasted 00:12:25 (4263 turns).

tifemel the Shooter (Centaur Hunter)                Turns: 4263, Time: 00:12:25

Health: -3/45      AC:  4    Str: 16    XL:     5   Next: 13%
Magic:  5/5        EV:  1    Int: 10    God:
Gold:   180        SH:  0    Dex:  9    Spells: 4/4 levels left

rFire    . . .     SeeInvis .     - Unarmed
rCold    . . .     Gourm    .   (no shield)
rNeg     . . .     Faith    .   c - +0 leather armour
rPois    .         Spirit   .   (no helmet)
rElec    .         Reflect  .   (no cloak)
rCorr    .         Harm     .   (no gloves)
MR       .....                  (no barding)
Stlth    +.........             (no amulet)
HPRegen  0.15/turn              (no ring)
MPRegen  0.09/turn              (no ring)

@: paralysed, very quick
A: large, hooves 3, deformed body, speed 2, tough skin 3
a: no special abilities


You were on level 3 of the Dungeon.
You were near starving.

You visited 1 branch of the dungeon, and saw 3 of its levels.

You collected 180 gold pieces.

Inventory:

Hand Weapons
 a - a +1 shortbow
Missiles
 d - 2 arrows
Armour
 c - a +0 leather armour (worn)
Jewellery
 h - a cursed -3 ring of evasion {unknown}
 m - an uncursed ring of resist corrosion {unknown}
 q - an uncursed ring of fire {unknown}
Wands
 u - a wand of digging (6)
Scrolls
 e - a scroll of enchant armour {unknown}
 g - a scroll of random uselessness {unknown}
 j - a scroll of noise {unknown}
 n - 5 scrolls of identify {unknown}
 o - a scroll of fear {unknown}
 p - a scroll of remove curse {unknown}
Potions
 b - a potion of degeneration {unknown}
 i - a potion of brilliance {unknown}
 k - a potion of agility {unknown}
 l - 2 potions of lignification {unknown}
 r - 2 potions of invisibility {unknown}
 s - a potion of magic {unknown}
 t - a potion of haste {unknown}
Comestibles
 f - 10 rations


   Skills:
 + Level 3.4 Fighting
 + Level 6.5 Bows
 - Level 1.3 Dodging
 - Level 0.4 Stealth
 + Level 2.6 Unarmed Combat


You had 4 spell levels left.
You didn't know any spells.
Your spell library was empty.

Dungeon Overview and Level Annotations

Branches:
Dungeon (3/15)

Altars:
Fedhas
Gozag
Hepliaklqana
Qazlal
Trog

Shops:
D:3 *

Annotations:
D:3 Grinder


Innate Abilities, Weirdness & Mutations

You have hooves in place of feet.
Armour fits poorly on your strangely shaped body.
You cover ground very quickly.
You have extremely tough skin. (AC +3)


Message History

You shoot an arrow. The arrow closely misses Grinder.
Firing (i - inventory)
d - 4 arrows (quivered)
Press: ? - help, Shift-Dir - straight line, f/p - Grinder
Aim: Grinder (almost dead)
You shoot an arrow. The arrow hits Grinder.
Grinder is almost dead.
Grinder gestures at you. You resist with significant effort.
Firing (i - inventory)
d - 3 arrows (quivered)
Press: ? - help, Shift-Dir - straight line, f/p - Grinder
Aim: Grinder (almost dead)
You shoot an arrow. The arrow barely misses Grinder.
You are now empty-handed.
Grinder gestures at you.
You suddenly lose the ability to move!
Grinder completely misses you. Grinder hits you!
* * * LOW HITPOINT WARNING * * *
You writhe in agony.
You die...

## ########.# #.)....# ## #
###.####.##.#.# # #
#####.....##.##.#.# # ##
##...#.#.#.##.##.#.# ##
.####...>..#.#.##.##...# ##.
..##.......#.#.##.###..## ##..
...#.........#.##.......## ##...
...........###.###.......####....
.........(.[.[(5@........(..(....
....##.....###.###.##......##....
...####.#......# #.##......###...
[.## #.....#### #.###.....# ##..
.## #####.# #.# #.....# ##. ##
#.# #.# #.#####.### ## # #.# #.#
#.......# # #####.## #.#
#######.##### # ##.....# #.#
#.....# ##


You could see Grinder.

Vanquished Creatures
  Terence (D:2)
  Robin (D:3)
  3 adders
  2 worms (D:2)
  3 dart slugs
  2 leopard geckos
  3 orcs (D:3)
  A ball python (D:2)
  4 bats
  3 giant cockroaches
  11 hobgoblins
  8 jackals (D:3)
  4 quokkas
  4 frilled lizards
  8 goblins
  5 kobolds
  6 rats
69 creatures vanquished.

Notes
Turn   | Place    | Note
-------+----------+-------------------------------------------
     0 | D:1      | tifemel the Centaur Hunter began the quest for the Orb.
     0 | D:1      | Reached XP level 1. HP: 17/17 MP: 1/1
   571 | D:1      | Reached XP level 2. HP: 23/24 MP: 2/2
   761 | D:1      | Reached skill level 1 in Unarmed Combat
  1497 | D:2      | Noticed Terence
  1523 | D:2      | Killed Terence
  1523 | D:2      | Reached XP level 3. HP: 8/30 MP: 3/3
  1903 | D:2      | Reached skill level 6 in Bows
  2298 | D:2      | Found a bloodstained altar of Trog.
  2349 | D:2      | Reached XP level 4. HP: 33/38 MP: 4/4
  2717 | D:3      | Found a bloodstained altar of Trog.
  2717 | D:3      | Found a hazy altar of Hepliaklqana.
  2767 | D:3      | Found an opulent altar of Gozag.
  2775 | D:3      | Found Gozag's Platinum Reserve.
  3501 | D:3      | Found a stormy altar of Qazlal.
  3505 | D:3      | Found a blossoming altar of Fedhas.
  3539 | D:3      | Noticed Robin
  3583 | D:3      | Noticed Grinder
  3585 | D:3      | Reached XP level 5. HP: 21/45 MP: 5/5
  3623 | D:3      | Killed Robin
  3674 | D:3      | Paralysed by Grinder for 3 turns
  3888 | D:3      | Paralysed by Grinder for 4 turns
  3902 | D:3      | Paralysed by Grinder for 3 turns
  4253 | D:3      | Paralysed by Grinder for 2 turns
  4261 | D:3      | Paralysed by Grinder for 2 turns
  4263 | D:3      | HP: 2/45 [Grinder (7)]
  4263 | D:3      | Slain by Grinder

Skill      XL: |  1  2  3  4 |
---------------+-------------+-----
Unarmed Combat | 1 2 |  2.6
Bows           | 6 |  6.5
Fighting       | 3 |  3.4
Dodging        | |  1.3
Stealth        | |  0.4

Action                   |  1- 3 |  4- 6 || total
-------------------------+-------+-------++-------
Melee: Unarmed           |   123 |   114 ||   237
       Kick              |    28 |    22 ||    50
 Fire: Shortbow          |    10 |    44 ||    54
  Eat: Chunk             |     4 |     3 ||     7
Armor: Leather armour    |    38 |    33 ||    71
Dodge: Dodged            |    52 |    45 ||    97
